3AAA
BRINKLEY BELUGAS @ ALASKAN HUMPBACKS
09/16/2028
 
TOP OF THE 1ST
Brinkley Belugas batting - Pitching for Alaskan Humpbacks : RHP Bernardino Neagle
Pitching: RHP Bernardino Neagle
Batting: RHB Enrico Betancourt 0-0: Called Strike
0-1: Ball
1-1: Fly out, F7 (Flyball, 7LM)
Batting: RHB Steve Jones 0-0: Foul Ball, location: 2F
0-1: Ground out 4-3 (Groundball, 4)
Batting: RHB Mario Álvarez 0-0: SINGLE (Groundball, 6MD)
Batting: SHB Zuberi Mccray 0-0: Ball
1-0: Called Strike
1-1: Ball
Mario Álvarez steals 2nd base
2-1: Foul Ball, location: 2F
2-2: Reached on error, E4 (Groundball, 4)
Mario Álvarez to third
Batting: RHB Orlando Velásquez 0-0: Swinging Strike
0-1: DOUBLE (Flyball, 89M)
Mario Álvarez scores
Zuberi Mccray to third
Runner from 3rd tries for Home, throw and OUT!
Top of the 1st over - 1 run(s), 2 hit(s), 1 error(s), 1 left on base; Brinkley 1 - Alaskan 0
BOTTOM OF THE 1ST
Alaskan Humpbacks batting - Pitching for Brinkley Belugas : RHP Alejandro Araya
Pitching: RHP Alejandro Araya
Batting: LHB Miguel Martínez 0-0: Swinging Strike
0-1: Ball
1-1: Ball
2-1: Called Strike
2-2: Ball
3-2: Fly out, F9 (Flyball, 89M)
Batting: RHB Thom Beach 0-0: Ball
1-0: Ball
2-0: Called Strike
2-1: Ball
3-1: Foul Ball, location: 2F
3-2: Base on Balls
Batting: RHB Sacha Nieuwenburg 0-0: Called Strike
Balk!
Thom Beach to second
0-1: Ball
1-1: Foul Ball, location: 2F
1-2: Foul Ball, location: 2F
1-2: Fly out, F8 (Flyball, 8LM)
Throwing error, E8
Thom Beach scores
Batting: RHB Urs van Munster 0-0: Foul Ball, location: 2F
0-1: Swinging Strike
0-2: Ball
1-2: Ball
2-2: Foul Ball, location: 2F
2-2: Ball
3-2: Foul Ball, location: 2F
3-2: SINGLE (Groundball, 6MD)
Batting: RHB Jack Peck 0-0: Fly out, F9 (Flyball, 9D)
Bottom of the 1st over - 1 run(s), 1 hit(s), 1 error(s), 1 left on base; Brinkley 1 - Alaskan 1
TOP OF THE 2ND
Brinkley Belugas batting - Pitching for Alaskan Humpbacks : RHP Bernardino Neagle
Batting: RHB Parker Smith 0-0: Called Strike
0-1: Ball
1-1: Ball
2-1: Called Strike
2-2: Ground out 4-3 (Groundball, 4)
Batting: RHB Edgardo Bello 0-0: Called Strike
0-1: Foul Ball, location: 2F
0-2: Strikes out swinging
Batting: SHB Bernardo Hernández 0-0: Ball
1-0: Fly out, F7 (Flyball, 7LMF)
Top of the 2nd over - 0 run(s), 0 hit(s), 0 error(s), 0 left on base; Brinkley 1 - Alaskan 1
BOTTOM OF THE 2ND
Alaskan Humpbacks batting - Pitching for Brinkley Belugas : RHP Alejandro Araya
Batting: SHB Kai-xi Choe 0-0: Ball
1-0: Called Strike
1-1: Ball
2-1: Called Strike
2-2: Ball
3-2: Foul Ball, location: 2F
3-2: Base on Balls
Batting: LHB Kelly Drijver 0-0: Ball
1-0: Ball
2-0: Foul Ball, location: 2F
2-1: SINGLE (Line Drive, 8LS)
Kai-xi Choe to second
Batting: RHB José López 0-0: Foul Ball, location: 2F
0-1: Ball
1-1: Ball
2-1: Foul Ball, location: 2F
2-2: Ball
3-2: Base on Balls
Kai-xi Choe to third
Kelly Drijver to second
Batting: RHB Michael Riley 0-0: Ball
1-0: Foul Ball, location: 2F
1-1: Foul Ball, location: 2F
1-2: Foul Ball, location: 2F
1-2: Ball
2-2: Foul Ball, location: 2F
2-2: Foul Ball, location: 2F
2-2: Foul Ball, location: 2F
2-2: Fly out, F9 (Flyball, 9S)
Runner from 3rd tags up, OUT at HOME
Kelly Drijver to third
José López to second
Batting: LHB Miguel Martínez 0-0: Ball
1-0: Foul Ball, location: 2F
1-1: Ball
2-1: Ground out 4-3 (Groundball, 4)
Bottom of the 2nd over - 0 run(s), 1 hit(s), 0 error(s), 2 left on base; Brinkley 1 - Alaskan 1
TOP OF THE 3RD
Brinkley Belugas batting - Pitching for Alaskan Humpbacks : RHP Bernardino Neagle
Batting: LHB Harold Wiggins 0-0: Ball
1-0: Fly out, F9 (Flyball, 9S)
Batting: RHB Enrico Betancourt 0-0: Swinging Strike
0-1: Ball
1-1: Swinging Strike
1-2: Ball
2-2: Fly out, F7 (Line Drive, 7)
Batting: RHB Steve Jones 0-0: Ball
1-0: Ball
2-0: Ball
3-0: Called Strike
3-1: Base on Balls
Batting: RHB Mario Álvarez 0-0: Ball
1-0: Ball
2-0: Called Strike
2-1: Swinging Strike
2-2: Foul Ball, location: 2F
2-2: Fly out, F9 (Flyball, 89M)
Top of the 3rd over - 0 run(s), 0 hit(s), 0 error(s), 1 left on base; Brinkley 1 - Alaskan 1
BOTTOM OF THE 3RD
Alaskan Humpbacks batting - Pitching for Brinkley Belugas : RHP Alejandro Araya
Batting: RHB Thom Beach 0-0: Ball
1-0: Foul Ball, location: 2F
1-1: SINGLE (Groundball, 56D)
Batting: RHB Sacha Nieuwenburg 0-0: Ball
1-0: Ball
2-0: Ball
3-0: Called Strike
3-1: Base on Balls
Thom Beach to second
Batting: RHB Urs van Munster 0-0: Ball
1-0: Called Strike
1-1: Swinging Strike
1-2: Ball
2-2: Foul Ball, location: 2F
2-2: SINGLE (Groundball, 15) (infield hit)
Thom Beach to third
Sacha Nieuwenburg to second
Batting: RHB Jack Peck 0-0: Ball
1-0: Ball
2-0: Swinging Strike
2-1: Foul Ball, location: 2F
2-2: Ball
3-2: Foul Ball, location: 2F
3-2: SINGLE (Flyball, 8RS)
Thom Beach scores
Sacha Nieuwenburg to third
Urs van Munster to second
Batting: SHB Kai-xi Choe 0-0: Ball
1-0: Ball
2-0: Foul Ball, location: 2F
2-1: Foul Ball, location: 2F
2-2: Strikes out looking
Batting: LHB Kelly Drijver 0-0: Called Strike
0-1: Fielders Choice at 2nd, 3-6 (Groundball, 34)
Sacha Nieuwenburg scores
Urs van Munster to third
Batting: RHB José López 0-0: Called Strike
0-1: Ball
1-1: Foul Ball, location: 2F
1-2: Strikes out swinging
Bottom of the 3rd over - 2 run(s), 3 hit(s), 0 error(s), 2 left on base; Brinkley 1 - Alaskan 3
TOP OF THE 4TH
Brinkley Belugas batting - Pitching for Alaskan Humpbacks : RHP Bernardino Neagle
Batting: SHB Zuberi Mccray 0-0: Called Strike
0-1: Ball
1-1: Fly out, F6 (Popup, 56D)
Batting: RHB Orlando Velásquez 0-0: Ball
1-0: Called Strike
1-1: Ball
2-1: Foul Ball, location: 2F
2-2: Fly out, F6 (Popup, 6)
Batting: RHB Parker Smith 0-0: Ball
1-0: Foul Ball, location: 2F
1-1: Ground out 6-3 (Groundball, 6)
Top of the 4th over - 0 run(s), 0 hit(s), 0 error(s), 0 left on base; Brinkley 1 - Alaskan 3
BOTTOM OF THE 4TH
Alaskan Humpbacks batting - Pitching for Brinkley Belugas : RHP Alejandro Araya
Batting: RHB Michael Riley 0-0: Ground out 5-3 (Groundball, 5L)
Batting: LHB Miguel Martínez 0-0: Called Strike
0-1: Foul Ball, location: 2F
0-2: Ball
1-2: Foul Ball, location: 2F
1-2: Ball
2-2: DOUBLE (Flyball, 9LM)
Batting: RHB Thom Beach 0-0: Intentional Walk
Pitching: RHP Alonso Cruz
Batting: RHB Sacha Nieuwenburg 0-0: Called Strike
Miguel Martínez steals 3rd base
Thom Beach to second
0-1: Foul Ball, location: 2F
0-2: Foul Ball, location: 2F
0-2: Foul Ball, location: 2F
0-2: Strikes out looking
Batting: RHB Urs van Munster 0-0: Intentional Walk
Batting: RHB Jack Peck 0-0: Foul Ball, location: 2F
0-1: Ball
1-1: Fielders Choice at 2nd, 6-4 (Groundball, 6)
Bottom of the 4th over - 0 run(s), 1 hit(s), 0 error(s), 2 left on base; Brinkley 1 - Alaskan 3
TOP OF THE 5TH
Brinkley Belugas batting - Pitching for Alaskan Humpbacks : RHP Bernardino Neagle
Batting: RHB Edgardo Bello 0-0: Foul Ball, location: 2F
0-1: Foul Ball, location: 2F
0-2: Ball
1-2: Ground out 5-3 (Groundball, 56S)
Batting: SHB Bernardo Hernández 0-0: Ball
1-0: Ball
2-0: Ground out 6-3 (Groundball, 6)
Batting: LHB Harold Wiggins 0-0: Ball
1-0: Called Strike
1-1: Swinging Strike
1-2: Strikes out swinging
Top of the 5th over - 0 run(s), 0 hit(s), 0 error(s), 0 left on base; Brinkley 1 - Alaskan 3
BOTTOM OF THE 5TH
Alaskan Humpbacks batting - Pitching for Brinkley Belugas : RHP Alonso Cruz
Batting: SHB Kai-xi Choe 0-0: Called Strike
0-1: Fly out, F9 (Flyball, 89S)
Batting: LHB Kelly Drijver 0-0: Ball
1-0: Ball
2-0: Ground out U3 (Groundball, 34)
Batting: RHB José López 0-0: Ball
1-0: Called Strike
1-1: SINGLE (Line Drive, 7S)
Batting: RHB Michael Riley 0-0: SINGLE (Groundball, 56D)
José López to second
Batting: LHB Miguel Martínez 0-0: Swinging Strike
0-1: Ball
1-1: Called Strike
1-2: Ball
2-2: Foul Ball, location: 2F
2-2: Foul Ball, location: 2F
2-2: Ball
3-2: Foul Ball, location: 2F
3-2: DOUBLE (Flyball, 9D)
José López scores
Michael Riley to third
Michael Riley scores
Batting: RHB Thom Beach 0-0: Intentional Walk
Batting: RHB Sacha Nieuwenburg 0-0: Called Strike
0-1: Ball
1-1: Ball
2-1: Ball
3-1: Foul Ball, location: 2F
3-2: Foul Ball, location: 2F
3-2: Strikes out swinging
Bottom of the 5th over - 2 run(s), 3 hit(s), 0 error(s), 2 left on base; Brinkley 1 - Alaskan 5
TOP OF THE 6TH
Brinkley Belugas batting - Pitching for Alaskan Humpbacks : RHP Bernardino Neagle
Batting: RHB Enrico Betancourt 0-0: Ground out 6-3 (Groundball, 6S)
Batting: RHB Steve Jones 0-0: Foul Ball, location: 2F
0-1: Ball
1-1: Ball
2-1: Foul Ball, location: 2F
2-2: Foul Ball, location: 2F
2-2: Foul Ball, location: 2F
2-2: Ball
3-2: Fly out, F7 (Flyball, 7)
Batting: RHB Mario Álvarez 0-0: Ball
1-0: Called Strike
1-1: Ball
2-1: SINGLE (Groundball, 4M) (infield hit)
Batting: SHB Zuberi Mccray 0-0: Ball
1-0: Ball
2-0: Reached on error, E4 (Groundball, 4)
Mario Álvarez to second
Batting: RHB Orlando Velásquez 0-0: Swinging Strike
0-1: Ball
1-1: Foul Ball, location: 2F
1-2: Ball
2-2: Ball
3-2: Foul Ball, location: 2F
3-2: Foul Ball, location: 2F
3-2: Foul Ball, location: 2F
3-2: Strikes out looking
Top of the 6th over - 0 run(s), 1 hit(s), 1 error(s), 2 left on base; Brinkley 1 - Alaskan 5
BOTTOM OF THE 6TH
Alaskan Humpbacks batting - Pitching for Brinkley Belugas : RHP Alonso Cruz
Batting: RHB Urs van Munster 0-0: Ground out 4-3 (Groundball, 4)
Batting: RHB Jack Peck 0-0: Called Strike
0-1: Fly out, F9 (Flyball, 9LMF)
Batting: SHB Kai-xi Choe 0-0: Ball
1-0: Ball
2-0: Foul Ball, location: 2F
2-1: Fly out, F9 (Flyball, 89D)
Bottom of the 6th over - 0 run(s), 0 hit(s), 0 error(s), 0 left on base; Brinkley 1 - Alaskan 5
TOP OF THE 7TH
Brinkley Belugas batting - Pitching for Alaskan Humpbacks : RHP Bernardino Neagle
Batting: RHB Parker Smith 0-0: Ball
1-0: Swinging Strike
1-1: Ball
2-1: Ball
3-1: Called Strike
3-2: Base on Balls
Batting: RHB Edgardo Bello 0-0: Swinging Strike
0-1: SINGLE (Groundball, 6MD)
Parker Smith to second
Runner from 2nd tries for 3rd, SAFE, no throw
Batting: SHB Bernardo Hernández 0-0: Ball
1-0: Ball
2-0: Called Strike
2-1: Foul Ball, location: 2F
2-2: Ball
3-2: Fly out, F7 (Flyball, 7LS)
Runner from 3rd tags up, SCORES, no throw
Batting: LHB Harold Wiggins 0-0: Ball
1-0: Called Strike
1-1: Fielders Choice at 2nd, 3-6 (Groundball, 3)
Batting: RHB Enrico Betancourt 0-0: Ball
Harold Wiggins is caught stealing 2nd base
Top of the 7th over - 1 run(s), 1 hit(s), 0 error(s), 0 left on base; Brinkley 2 - Alaskan 5
BOTTOM OF THE 7TH
Alaskan Humpbacks batting - Pitching for Brinkley Belugas : RHP Alonso Cruz
Batting: LHB Kelly Drijver 0-0: Ground out U3 (Groundball, 3S)
Batting: RHB José López 0-0: Called Strike
0-1: Reached on error, E9 (Flyball, 9D)
Pitching: LHP Glen Holland
Batting: RHB Michael Riley 0-0: Called Strike
0-1: Ball
1-1: Swinging Strike
1-2: 2-RUN HOME RUN (Flyball, 8LXD), Distance : 442 ft
Batting: LHB Miguel Martínez 0-0: SINGLE (Groundball, 34D)
Batting: RHB Thom Beach 0-0: Ball
1-0: Ball
Miguel Martínez is caught stealing 2nd base
2-0: Ball
3-0: Called Strike
3-1: SINGLE (Line Drive, 6D)
Batting: RHB Sacha Nieuwenburg 0-0: Called Strike
0-1: Fielders Choice at 2nd, 6-4 (Groundball, 6)
Bottom of the 7th over - 2 run(s), 3 hit(s), 1 error(s), 0 left on base; Brinkley 2 - Alaskan 7
TOP OF THE 8TH
Brinkley Belugas batting - Pitching for Alaskan Humpbacks : RHP Bernardino Neagle
Batting: RHB Enrico Betancourt 0-0: Foul Ball, location: 2F
0-1: Foul Ball, location: 2F
0-2: Fly out, F4 (Popup, 34D)
Pitching: RHP Andrew Webster
Batting: RHB Steve Jones 0-0: Ball
1-0: Called Strike
1-1: Ball
2-1: Foul Ball, location: 2F
2-2: Ball
3-2: Strikes out swinging
Batting: RHB Mario Álvarez 0-0: Called Strike
0-1: Foul Ball, location: 2F
0-2: Strikes out swinging
Top of the 8th over - 0 run(s), 0 hit(s), 0 error(s), 0 left on base; Brinkley 2 - Alaskan 7
BOTTOM OF THE 8TH
Alaskan Humpbacks batting - Pitching for Brinkley Belugas : LHP Glen Holland
Batting: RHB Urs van Munster 0-0: Called Strike
0-1: Ball
1-1: SINGLE (Line Drive, 8RS)
Batting: RHB Jack Peck 0-0: Ball
1-0: Ball
2-0: Ball
3-0: Called Strike
3-1: Called Strike
3-2: Base on Balls
Urs van Munster to second
Batting: SHB Kai-xi Choe 0-0: Ball
1-0: Ball
2-0: Ball
3-0: Reached on error, E6 (Groundball, 6)
Urs van Munster to third
Jack Peck to second
Batting: LHB Kelly Drijver 0-0: Ball
1-0: Grounds into double play, 6-4-3 (Groundball, 6)
Urs van Munster scores
Jack Peck to third
Batting: RHB José López 0-0: Ball
1-0: Swinging Strike
1-1: Ball
2-1: Reached via error on a dropped throw, E1
Jack Peck scores
Batting: RHB Michael Riley 0-0: Called Strike
0-1: Ball
1-1: Ball
2-1: Foul Ball, location: 2F
2-2: SINGLE (Flyball, 7S)
José López to second
Pinch Hitting: SHB David Henderson 0-0: Ball
1-0: Ball
2-0: Ball
3-0: Foul Ball, location: 2F
3-1: Base on Balls
José López to third
Michael Riley to second
Batting: RHB Thom Beach 0-0: Called Strike
0-1: Ground out 5-3 (Groundball, 56S)
Bottom of the 8th over - 2 run(s), 2 hit(s), 2 error(s), 3 left on base; Brinkley 2 - Alaskan 9
TOP OF THE 9TH
Brinkley Belugas batting - Pitching for Alaskan Humpbacks : RHP Andrew Webster
Now in LF: David Henderson
Batting: SHB Zuberi Mccray 0-0: Foul Ball, location: 2F
0-1: Ball
1-1: Fly out, F9 (Flyball, 9S)
Batting: RHB Orlando Velásquez 0-0: Called Strike
0-1: Foul Ball, location: 2F
0-2: Foul Ball, location: 2F
0-2: Strikes out swinging
Batting: RHB Parker Smith 0-0: Ball
1-0: Ball
2-0: Ball
3-0: Base on Balls
Batting: RHB Edgardo Bello 0-0: Fly out, F9 (Flyball, 9LSF)
Top of the 9th over - 0 run(s), 0 hit(s), 0 error(s), 1 left on base; Brinkley 2 - Alaskan 9
Wednesday, September 6th, 2017 - OOTP Baseball 17.12 Build 75